 Dungeon Crawl Stone Soup version 0.28-a0-1555-g9ae15a6949 (webtiles) character file.

Game seed: 5170032239648460039

222 wazuzu the Skirmisher (level 5, -2/43 HPs)
             Began as a Demonspawn Monk on Jan 18, 2022.
             Killed by divine providence
             ... invoked by an orc priest
              (8 damage)
             ... on level 3 of the Dungeon.
             The game lasted 00:05:27 (4134 turns).

wazuzu the Skirmisher (Demonspawn Monk)             Turns: 4134, Time: 00:05:27

Health: -2/43      AC:  6    Str: 14    XL:     5   Next: 66%
Magic:  5/5        EV: 11    Int: 11    God:
Gold:   53         SH:  0    Dex: 15    Spells: 4/4 levels left

rFire   . . .      SeeInvis .   j - +0 flail
rCold   . . .      Faith    .   (no shield)
rNeg    . . .      Spirit   .   f - +0 ring mail
rPois   .          Reflect  .   (no helmet)
rElec   .          Harm     .   (no cloak)
rCorr   .          Rampage  .   n - +0 pair of gloves
Will    .....                   (no boots)
Stlth   ..........              (no amulet)
HPRegen 0.14/turn               (no ring)
MPRegen 0.18/turn               (no ring)

@: confused
A: foul stench 2, magic regeneration
a: no special abilities


You were on level 3 of the Dungeon.
You visited 1 branch of the dungeon, and saw 3 of its levels.

You collected 53 gold pieces.


Innate Abilities, Weirdness & Mutations

You sometimes emit foul miasma when damaged in melee.
You regenerate magic rapidly.


   Skills:
 + Level 4.4 Fighting
 + Level 4.0 Maces & Flails
 + Level 2.6 Armour
 - Level 2.6 Dodging
 - Level 1.7 Stealth


You had 4 spell levels left.
You didn't know any spells.
Your spell library contained the following spells:

 Spells                   Type           Power      Damage    Failure   Level
 Blink                    Tloc           0%         N/A       71%         2
 Lesser Beckoning         Tloc           0%         N/A       91%         3
 Manifold Assault         Tloc           0%         N/A       100%        5


Dungeon Overview and Level Annotations

Branches:
Dungeon (3/15)

Altars:

Shops:
D:1 (

Inventory:

Hand Weapons
 j - a +0 flail (weapon)
Missiles
 o - 47 stones (quivered)
Armour
 f - a +0 ring mail (worn)
 n - a +0 pair of gloves (worn)
 r - a +0 chain mail
Wands
 k - a wand of digging (2)
Scrolls
 c - 2 scrolls of teleportation {unknown}
 e - a scroll of fog {unknown}
 h - a scroll of summoning {unknown}
 l - a scroll of torment {unknown}
 m - a scroll of magic mapping {unknown}
 q - a scroll of identify {unknown}
Potions
 g - a potion of curing {unknown}
 i - a potion of mutation {unknown}
 p - a potion of lignification {unknown}

#.###.##.###.#####
#.###.##.....#
#..##.########
##.##.# #.##.#
#..#.# ##.#.# ##.#.#
########### #@...#
#.........# ##o..#
#.........#####).#
#...(.....#.....)##
#.........#.......#
#.....[...#)).....#
#.................##
#######.........#..#
#.........#..#


You could see an orc priest.


Message History

The orc is lightly wounded.
The orc hits you but does no damage. The orc completely misses you.
You closely miss the orc.
The orc is lightly wounded.
The orc hits you but does no damage. The orc hits you with a +0 club.
You hit the orc.
The orc is severely wounded.
The orc closely misses you. The orc hits you with a +0 club.
You sock the orc!
You kill the orc!
The orc hits you but does no damage. The orc barely misses you.
You sock the orc!
You kill the orc!
No target in view!
You start resting.
HP restored.
You climb downwards.
The orc priest looks satisfied for a moment.
There is a stone staircase leading up, spattered with blood here.
The orc wizard gestures wildly while chanting.
The orc wizard flickers and vanishes!
Deactivating autopickup; reactivate with Ctrl-A.
You miss something.
You hear some strange, mumbled words.
A magic dart appears from out of thin air!
The magic dart hits you.
No target in view!
No target in view!
You miss something.
The orc priest hits you but does no damage.
You see here a +0 mace.
You sock the orc priest!
The orc priest is severely wounded.
The orc priest invokes the aid of Beogh against you.
Pain shoots through your body! Something hits you.
The orc priest hits you with a +0 hand axe.
You hit the orc priest but do no damage.
The orc priest is severely wounded.
The orc priest barely misses you.
You hit the orc priest.
The orc priest is almost dead.
The orc priest calls down the wrath of Beogh upon you.
Beogh smites you!
* * * LOW HITPOINT WARNING * * *
You hear some strange, mumbled words.
You are confused.
The orc priest mumbles some strange prayers to Beogh against you.
Beogh smites you!
* * * LOW HITPOINT WARNING * * *
You hear some strange, mumbled words.
You are more confused.
You closely miss something.
You hear some strange, mumbled words.
A puff of flame appears from out of thin air!
The puff of flame hits you!
* * * LOW HITPOINT WARNING * * *
Unknown command.
Okay, then.
There is a stone staircase leading up, spattered with blood here.
Unknown command.
You completely miss the orc priest.
The orc priest is almost dead.
The orc priest barely misses you.
You hear some strange, mumbled words.
You are more confused.
You closely miss the orc priest.
The orc priest is almost dead.
The orc priest mumbles some strange prayers to Beogh against you.
Beogh smites you!
You die...

Action                   |  1- 3 |  4- 6 || total
-------------------------+-------+-------++-------
Melee: Mace              |    99 |     2 ||   101
       Punch             |     3 |     2 ||     5
       Flail             |       |   139 ||   139
  Use: Potion            |     1 |       ||     1
 Stab: Sleeping          |     1 |     2 ||     3
       Distracted        |       |     1 ||     1
Armor: Robe              |    10 |       ||    10
       Ring mail         |    44 |    55 ||    99
Dodge: Dodged            |    97 |   106 ||   203

Levels and vault maps discovered:
D:1:      wander_arrival_lonely_grave, layout_basic, serial_shops,
          nicolae_shop_waterfront, hellmonk_ecumenical_altar_inner_sanctum
D:2:      layout_loops_ring, minmay_tall_x
D:3:      layout_basic, nicolae_wu_jian_wuxing_cycle, elyvilon_altar_5

Notes
Turn   | Place    | Note
-------+----------+-------------------------------------------
     0 | D:1      | wazuzu the Demonspawn Monk began the quest for the Orb.
     0 | D:1      | Reached XP level 1. HP: 18/18 MP: 1/1
   283 | D:1      | Gained mutation: You may rarely emit foul miasma when
                  | damaged in melee. [demonic ancestry]
   283 | D:1      | Reached XP level 2. HP: 24/24 MP: 2/2
   309 | D:1      | Reached skill level 3 in Maces & Flails
   314 | D:1      | Reached skill level 1 in Armour
   613 | D:1      | Found Kof Ozot's Weapon Shoppe.
   938 | D:1      | Found a faded altar of an unknown god.
  1028 | D:2      | Gained mutation: You regenerate magic rapidly. [demonic
                  | ancestry]
  1028 | D:2      | Reached XP level 3. HP: 29/29 MP: 3/3
  1121 | D:2      | HP: 1/29 [orc priest/divine providence (8)]
  1135 | D:2      | Gained mutation: You sometimes emit foul miasma when
                  | damaged in melee. [demonic ancestry]
  1135 | D:2      | Reached XP level 4. HP: 10/37 MP: 4/4
  2018 | D:2      | Reached skill level 2 in Armour
  2586 | D:3      | Reached skill level 4 in Fighting
  2604 | D:3      | Reached XP level 5. HP: 24/42 MP: 5/5
  3699 | D:3      | Reached skill level 4 in Maces & Flails
  4131 | D:3      | HP: 5/43 [something/puff of flame (7)]
  4134 | D:3      | Killed from afar by an orc priest

Vanquished Creatures
  An orc priest (D:2)
  A centaur skeleton (D:3)
  4 gnolls
  A howler monkey skeleton (D:3)
  3 adders
  2 dart slugs
  9 orcs
  9 bats
  4 endoplasms
  6 giant cockroaches
  9 goblins
  7 hobgoblins
  4 kobolds
  4 quokkas
  4 ball pythons
  3 frilled lizards
71 creatures vanquished.
